 Dungeon Crawl Stone Soup version 0.30.1-6-gbe392663c4 (webtiles) character file.

Game seed: 13363802206508122335

191 Kurtz the Chopper (level 5, -8/32 HPs)
             Began as a Tengu Fighter on Sept 20, 2023.
             Killed by divine providence
             ... invoked by an orc priest
              (17 damage)
             ... on level 3 of the Dungeon.
             The game lasted 00:01:12 (1740 turns).

Kurtz the Chopper (Tengu Fighter)                   Turns: 1740, Time: 00:01:12

Health: -8/32      AC:  6    Str: 18    XL:     5   Next: 70%
Magic:  6/6        EV: 10    Int:  9    God:
Gold:   104        SH:  4    Dex: 13    Spells: 4/4 levels left

rFire   . . .        a - +0 war axe
rCold   . . .        c - +0 buckler
rNeg    . . .        b - +0 scale mail
rPois   .            (helmet restricted)
rElec   .            (no cloak)
rCorr   .            (no gloves)
SInv    .            (boots unavailable)
Will    .....        (no amulet) Stlth
                     (no ring)
HPRegen 0.25/turn    (no ring)
MPRegen 0.10/turn

%: no passive effects
@: flying quickly and evasively, quick
A: beak, talons 3, nimble flight
a: no special abilities


You were on level 3 of the Dungeon.
You visited 1 branch of the dungeon, and saw 3 of its levels.

You collected 104 gold pieces.

Inventory:

Hand Weapons
 a - a +0 war axe (weapon)
 e - a +0 heavy mace
Armour
 b - a +0 scale mail (worn)
 c - a +0 buckler (worn)
 m - a +0 cloak
Scrolls
 g - a scroll of vulnerability {unknown}
 h - a scroll of blinking {unknown}
 k - 3 scrolls of identify {unknown}
 l - a scroll of magic mapping {unknown}
 n - a scroll of immolation {unknown}
 o - a scroll of enchant armour {unknown}
Potions
 d - a potion of might
 f - 3 potions of mutation {unknown}
 i - a potion of flight {unknown}
 j - 3 potions of curing {unknown}


   Skills:
 - Level 3.0 Fighting
 * Level 6.3 Axes
 - Level 3.2 Armour
 - Level 3.0 Shields


You had 4 spell levels left.
You didn't know any spells.
Your spell library contained the following spells:

 Spells                   Type           Power      Damage    Failure   Level
 Slow                     Hex            0%         N/A       85%         1
 Confusing Touch          Hex            0%         N/A       99%         3
 Vampiric Draining        Necr           0%         2d6       99%         3


Dungeon Overview and Level Annotations

Branches:
Dungeon (3/15)

Altars:

Shops:
D:2 :


Innate Abilities, Weirdness & Mutations

You have a beak for a mouth.
You have claws for feet.
Your magical nature lets you fly swiftly and evasively.


Message History

You start resting.
There is a stone staircase leading down here.
You start resting.
HP restored.
You fly downwards.
You block the bat's attack. The phantom barely misses you.
The phantom closely misses you.
There is a stone staircase leading up, spattered with blood here.
You barely miss the phantom. The bat hits you but does no damage.
The phantom hits you.
The phantom blinks!
You blink.
You miss the phantom. Your kick misses the phantom.
Your peck misses the phantom. The bat closely misses you. The phantom hits you.
The phantom blinks!
You blink.
Unknown command.
You completely miss the phantom. You claw the phantom.
The phantom is lightly damaged.
You hit the bat but do no damage. The bat misses you.
The bat hits you but does no damage.
The orc priest calls down the wrath of Beogh upon you.
Beogh smites you!
The phantom hits you but does no damage.
The phantom barely misses you.
You slash the phantom! You claw the phantom! Your peck misses the phantom.
The phantom is severely damaged.
You slash the bat!
You kill the bat!
You block the phantom's attack.
The orc priest invokes the aid of Beogh against you.
Beogh smites you!
You are too injured to fight recklessly!
Unknown command.
You are too injured to fight recklessly!
Unknown command.
You are too injured to fight recklessly!
There is a stone staircase leading up, spattered with blood here.
The phantom hits you.
* * * LOW HITPOINT WARNING * * *
The orc priest mumbles some strange prayers to Beogh against you.
Beogh smites you!
Ouch! That really hurt!
You die...

# #...#
#...####.'.⌠.+..#
#.# # ##.## ##..#
#.#...#..# #.# #.#
#.#####[#####.##
#.# ## ### ###
#.........# #.#
..# #.....#####
#.# ..# #...###
#.# ..# #...# #.#
.... #...#
#######.# #...
#..@# #....#..#
... #.W.#
#.##.#.## #..o####
#......# ###....#
#.....##
####.###.#.#.#
#.........#
##.......#...#
#####..#####.#.#.#
#.....## #.....#


You could see a phantom and an orc priest.

Vanquished Creatures
  A black bear (D:3)
  An orc wizard (D:3)
  2 adders
  2 worms (D:2)
  5 orcs
  4 ball pythons
  4 endoplasms
  2 giant cockroaches
  6 goblins
  5 hobgoblins
  4 jackals (D:1)
  5 bats
  A frilled lizard (D:2)
  3 kobolds
  A rat (D:2)
46 creatures vanquished.

Notes
Turn   | Place    | Note
-------+----------+-------------------------------------------
     0 | D:1      | Kurtz the Tengu Fighter began the quest for the Orb.
     0 | D:1      | Reached XP level 1. HP: 14/14 MP: 2/2
   255 | D:1      | Reached skill level 3 in Axes
   255 | D:1      | Reached XP level 2. HP: 18/19 MP: 3/3
   467 | D:1      | Found a faded altar of an unknown god.
   748 | D:2      | Reached XP level 3. HP: 21/23 MP: 4/4
   932 | D:2      | Found Plog's Vocational Training.
   939 | D:2      | Reached skill level 4 in Axes
  1272 | D:3      | Noticed a black bear
  1376 | D:3      | Reached XP level 4. HP: 26/28 MP: 5/5
  1434 | D:3      | Killed a black bear
  1435 | D:3      | Reached skill level 5 in Axes
  1435 | D:3      | Gained mutation: Your magical nature lets you fly swiftly
                  | and evasively. [Tengu growth]
  1435 | D:3      | Reached XP level 5. HP: 32/32 MP: 6/6
  1498 | D:3      | Reached skill level 6 in Axes
  1615 | D:3      | Noticed a phantom
  1740 | D:3      | Killed from afar by an orc priest

Illustrated notes

Levels and vault maps discovered:
D:1:      ncdulo_wetmaze, layout_basic, basic_ecumenical_altar,
          dreamdust_princess_corridor, minivault_27, corexii_leaking_fountain
D:2:      layout_basic, nicolae_shop_vocational
D:3:      layout_basic, serial_curves, eino_curves_03, eino_curves_03,
          minmay_misc_feat_room

Skill      XL: |  1  2  3  4  5 |
---------------+----------------+-----
Axes           | 3 4 5 6 |  6.3
Fighting       | |  3.0
Armour         | |  3.2
Shields        | |  3.0

Action                     |  1- 3 |  4- 6 || total
---------------------------+-------+-------++-------
  Melee: War axe           |    74 |    38 ||   112
         Kick              |    20 |     6 ||    26
         Peck              |    10 |     3 ||    13
 Armour: Scale mail        |    47 |    32 ||    79
  Dodge: Dodged            |    53 |    24 ||    77
  Block: Buckler           |    24 |    10 ||    34
